 Dungeon Crawl Stone Soup version 0.20-a0-738-gb057e68 (webtiles) character file.

427 nono the Cutter (level 6, -10/29 HPs)
             Began as a Vine Stalker Arcane Marksman on Feb 23, 2017.
             Killed by nerve-wracking pain
             ... invoked by an orc priest
              (12 damage)
             ... on level 4 of the Dungeon.
             The game lasted 00:08:55 (3360 turns).

nono the Cutter (Vine Stalker Arcane Marksman)      Turns: 3360, Time: 00:08:55

Health: -10/29     AC:  9    Str: 14    XL:     6   Next: 97%
Magic:  0/8        EV:  6    Int: 13    God:
Gold:   238        SH:  0    Dex: 15    Spells: 6/7 levels left

rFire    . . .     SeeInvis .   G - +1 short sword (venom)
rCold    . . .     Gourm    .   u - +0 chain mail
rNeg     . . .     Faith    .   (no shield)
rPois    .         Spirit   +   E - +0 helmet
rElec    .         Reflect  .   (no cloak)
rCorr    .         Harm     .   (no gloves)
MR       .....                  (no boots)
Stlth    ..........             (no amulet)
Regen    0.5/turn               (no ring)
MPRegen  0.2/turn               (no ring)

@: lethally poisoned (-10 -> -11)
A: fangs 2, regeneration 1, magic shield, antimagic bite, no potion heal 3, rot
immunity
a: no special abilities


You were on level 4 of the Dungeon.
You were not hungry.

You visited 1 branch of the dungeon, and saw 4 of its levels.

You collected 238 gold pieces.

Inventory:

Hand Weapons
 a - a +0 rapier
 b - a +0 blowgun
 o - a +0 dagger
 F - a +2 dagger of freezing
 G - a +1 short sword of venom (weapon)
Missiles
 c - 5 javelins
 d - a throwing net
 i - 80 stones (quivered)
 B - 16 poisoned needles
Armour
 u - a +0 chain mail (worn)
 w - a +0 robe
 E - a +0 helmet (worn)
Wands
 v - a wand of acid (6/15)
 C - a wand of random effects (7/48)
Scrolls
 e - a scroll of recharging {unknown}
 g - 3 scrolls of random uselessness {unknown}
 j - 2 scrolls of amnesia {unknown}
 n - a scroll of fear {unknown}
 q - 4 scrolls of identify {unknown}
 t - a scroll of fog {unknown}
 D - a scroll of remove curse {unknown}
Potions
 h - a potion of invisibility {unknown}
 k - 2 potions of berserk rage {unknown}
 l - a potion of degeneration {unknown}
 p - a potion of heal wounds {unknown}
 r - a potion of mutation {unknown}
 s - 2 potions of cancellation {unknown}
 x - 2 potions of haste {unknown}
 z - a potion of agility {unknown}
 A - 2 potions of curing {unknown}
Books
 y - a book of Debilitation

   Spells                             Type                      Level
   a - Corona                         Hexes                        1
   b - Slow                           Hexes                        2
   c - Inner Flame                    Hexes/Fire                   3
   d - Portal Projectile              Hexes/Translocation          3
   e - Cause Fear                     Hexes                        4
   f - Leda's Liquefaction            Hexes/Earth                  4
Comestibles
 f - a bread ration
 m - 2 royal jellies


   Skills:
 - Level 0.8 Fighting
 + Level 5.0 Short Blades
 - Level 1.7 Throwing
 - Level 1.5 Dodging
 - Level 1.1 Stealth
 - Level 3.5 Unarmed Combat
 - Level 1.1 Spellcasting
 - Level 3.0 Hexes


You had 6 spell levels left.
You knew the following spells:

 Your Spells              Type           Power        Failure   Level  Hunger
a - Corona                Hex            #......      100%        1    ##.....


Dungeon Overview and Level Annotations

Branches:
Dungeon (4/15)
 Temple: D:4-7

Altars:
Trog


Innate Abilities, Weirdness & Mutations

You have extremely sharp teeth.
Your natural rate of healing is unusually fast.
When hurt, damage is shared between your health and your magic reserves.
Your bite disrupts and absorbs the magic of your enemies.
Potions cannot restore your health.
You are immune to rotting.


Message History

Beogh smites you!
The orc priest hits you but does no damage.
Items here: )) [ †† a short sword; a dagger; a robe; an orc corpse; an adder corpse You closely miss the orc priest.
Your bite misses the orc priest.
You feel sick.
The orc priest hits you but does no damage.
A worm comes into view.
You hit the orc priest.
The orc priest is poisoned.
The orc priest is lightly wounded.
The orc priest looks encouraged for a moment.
The orc priest mumbles some strange prayers to Beogh against you.
Beogh smites you!
* * * LOW HITPOINT WARNING * * *
Evoke which item? (* to show all) (? for menu, Esc to quit)
Okay, then.
Okay, then.
The orc priest invokes the aid of Beogh against you.
Pain shoots through your body!
You die...

######......#...#
#<....†.....#...#
######......#...# .
..........#...# ...
####......#...####..w..
....###.#...o.o......
####.# #.#.#o####...o.
#.# .#.#.# .o. #.#
.#.#@# # #.#^# #.#.#
#.#.# #.#.# #.# #.# #.#


You could see 2 orc priests.

Vanquished Creatures
  The ghost of anet the Magician, an amateur DEWz (D:3)
  3 orc wizards
  Jessica (D:3)
  A gnoll (D:1)
  4 adders
  An ooze (D:1)
  5 worms
  A dart slug (D:1)
  2 leopard geckos
  16 orcs
  7 bats
  5 giant cockroaches
  2 goblins (D:1)
  6 hobgoblins
  2 jackals (D:4)
  A quokka (D:3)
  4 frilled lizards
  10 kobolds
  12 rats
84 creatures vanquished.

Notes
Turn   | Place    | Note
-------+----------+-------------------------------------------
     0 | D:1      | nono the Vine Stalker Arcane Marksman began the quest for the Orb.
     0 | D:1      | Reached XP level 1. HP: 9/9 MP: 3/3
    25 | D:1      | Reached skill level 1 in Stealth
   154 | D:1      | Reached skill level 1 in Unarmed Combat
   154 | D:1      | Reached XP level 2. HP: 2/14 MP: 4/4
   654 | D:1      | Reached XP level 3. HP: 15/17 MP: 5/5
  2049 | D:2      | Gained mutation: Your natural rate of healing is unusually fast. [Vine Stalker growth]
  2049 | D:2      | Reached XP level 4. HP: 6/21 MP: 4/6
  2248 | D:2      | Noticed a moth of wrath
  2251 | D:2      | Found a bloodstained altar of Trog.
  2634 | D:3      | Noticed Jessica
  2645 | D:3      | Reached skill level 1 in Short Blades
  2654 | D:3      | Killed Jessica
  2654 | D:3      | Reached skill level 2 in Short Blades
  2654 | D:3      | Reached XP level 5. HP: 20/25 MP: 7/7
  2854 | D:3      | Noticed anet's ghost (amateur DEWz)
  2862 | D:3      | Killed anet's ghost
  2862 | D:3      | Reached skill level 4 in Short Blades
  2862 | D:3      | Reached XP level 6. HP: 29/29 MP: 8/8
  3345 | D:4      | Reached skill level 5 in Short Blades
  3358 | D:4      | HP: 1/29 [orc priest/divine providence (13)]
  3360 | D:4      | Killed from afar by an orc priest

Vault maps used:
D:1:      saegor_arrival_simple_f, chequers_big_river
D:2:      tgw_trog
D:3:      uniq_jessica
D:4:      minmay_overflow_temple_hex, first_bread

Skill      XL: |  1  2  3  4  5  6 |
---------------+-------------------+-----
Stealth        | 1 |  1.1
Unarmed Combat | 1 2 3 |  3.5
Short Blades   | 2 4 5 |  5.0
Fighting       | |  0.8
Throwing       | |  1.7
Dodging        | |  1.5
Spellcasting   | |  1.1
Hexes          | |  3.0

Action                   |  1- 3 |  4- 6 || total
-------------------------+-------+-------++-------
Melee: Unarmed           |   136 |    26 ||   162
       Bite              |    29 |    63 ||    92
       Punch             |     2 |     1 ||     3
       Rapier            |       |    75 ||    75
       Dagger            |       |    73 ||    73
       Short sword       |       |    38 ||    38
Throw: Stone             |     4 |       ||     4
       Javelin           |     1 |       ||     1
       Throwing net      |     1 |       ||     1
Evoke: Wand              |       |     1 ||     1
 Stab: Sleeping          |     1 |       ||     1
       Paralysed         |       |     2 ||     2
  Eat: Chunk             |     4 |     4 ||     8
Armor: Robe              |    33 |       ||    33
       Chain mail        |       |   115 ||   115
Dodge: Dodged            |    92 |    62 ||   154
